Map: [ESL] Waterfall

Players

iGCoffeeMs (Coffee) - Winner!

  • Race: Terran Terran
  • League: Master

DPGJieShi (Jieshi)

  • Race: Protoss Protoss

Event: DreamHack SC2 Masters 2022 Atlanta (Online)

VOD

Have the link to the VOD?

Description

Time

  • Played on: Oct. 9, 2022, 7:50 a.m.
  • Length: 9:30

All games in this series

Show
View Real Time Build Order
Export as new Build Order

iGCoffeeMs Terran - Winner!

Build Orders: Liberator Opening 

Get SALT Encoding   

  12  0:00  SCV  
  13  0:12  SCV  
  14  0:16  Supply Depot  
  14  0:24  SCV  
  15  0:38  SCV  
  15  0:39  Barracks  
  16  0:43  Refinery  
  16  0:50  SCV  
  16  0:53  Refinery  
  17  1:02  SCV  
  18  1:14  SCV  
  19  1:26  Reaper, Orbital Command  
  19  1:29  Supply Depot  
  20  1:42  Factory  
  20  1:54  SCV  
  21  2:03  Barracks Reactor  
  21  2:06  SCV  
  22  2:18  SCV  
  22  2:19  Command Center  
  23  2:30  SCV  
  23  2:31  Starport  
  24  2:40  Widow Mine  
  24  2:42  SCV  
  24  2:43  Supply Depot  
  26  2:47  Marine x2  
  28  2:54  SCV  
  29  3:01  Widow Mine  
  29  3:04  Marine  
  29  3:05  Marine  
  33  3:08  Medivac  
  33  3:09  SCV  
  36  3:26  Marine x2  
  38  3:28  Factory Tech Lab  
  38  3:31  SCV  
  39  3:34  Orbital Command  
  39  3:45  Marine x2  
  41  3:49  Cyclone  
  41  3:50  SCV  
  41  3:51  Orbital Command  
  45  3:57  Liberator  
  48  4:02  Supply Depot  
  48  4:04  SCV, Marine x2  
  51  4:15  Supply Depot  
  51  4:16  SCV  
  52  4:17  SCV  
  53  4:28  Siege Tank  
  56  4:35  Marine x2  
  58  4:40  SCV x2  
  60  4:48  Liberator  
  60  4:52  SCV x2  
  65  4:59  Barracks  
  65  5:01  Supply Depot  
  65  5:02  Supply Depot  
  65  5:04  SCV x2  
  65  5:05  Barracks  
  67  5:09  Siege Tank  
  69  5:16  SCV  
  69  5:20  Refinery  
  70  5:22  SCV, Marine x2  
  70  5:24  Engineering Bay  
  73  5:32  SCV  
  73  5:34  SCV  
  73  5:40  Marine x2  
  72  5:43  Siege Tank  
  72  5:44  SCV  
  72  5:46  SCV  
  72  5:48  Starport Reactor  
  77  5:50  Barracks Tech Lab  
  77  5:52  Refinery  
  77  5:53  Supply Depot x2  
  77  5:55  Barracks Tech Lab  
  77  6:08  Marine x3  
  77  6:10  Stimpack  
  80  6:12  SCV  
  81  6:20  Barracks  
  81  6:22  Barracks  
  81  6:25  Marauder, Siege Tank  
  83  6:26  SCV, Marine  
  83  6:27  Marauder  
  65  6:41  SCV x2, Marine  
  65  6:43  Supply Depot x2  
  65  6:46  Terran Infantry Weapons Level 1  
  68  6:47  Marine x2  
  68  6:48  Marine  
  71  6:58  Siege Tank  
  74  7:04  Marine  
  74  7:05  Marine x3  
  78  7:09  Marine x2  
  78  7:10  Medivac x2  
  84  7:22  Missile Turret, Marine  
  85  7:23  Marauder, Marine  
  85  7:24  Marauder  
  85  7:26  SCV x2  
  85  7:27  Marine x2  
  85  7:28  Combat Shield  
  94  7:35  Supply Depot, Siege Tank  
  97  7:40  Marine  
  97  7:41  Marine  
  97  7:44  SCV x2, Marine  
  99  7:45  Marine  
  99  7:48  Marine  
  99  7:49  Ghost Academy, Marine  
  103  7:58  Marine x2  
  103  8:02  Marauder  
  107  8:06  Barracks Tech Lab  
  107  8:08  Marine x2  
  109  8:14  Siege Tank  
  109  8:16  Marine x2  
  114  8:22  Medivac x2  
  114  8:23  Marine  
  114  8:25  Marine  
  114  8:26  Marine  
  120  8:30  Marine  
  120  8:34  SCV x2, Marine x2  
  125  8:41  Marine  
  125  8:48  Marine x3  
  115  8:57  Marine  
  115  8:58  Marine  
  96  9:04  Marine  
  96  9:05  Marine  
  96  9:06  Marine x2  
Show
View Real Time Build Order
Export as new Build Order

DPGJieShi Protoss 

Build Orders: 1 Gate Expand, Blink Stalkers 

Get SALT Encoding   

  12  0:00  Probe  
  13  0:12  Probe  
  14  0:17  Pylon  
  14  0:25  Probe (Chrono Boost)  
  15  0:36  Gateway  
  15  0:37  Probe (Chrono Boost)  
  16  0:43  Probe (Chrono Boost)  
  16  0:45  Assimilator  
  17  0:51  Probe  
  18  1:04  Probe  
  19  1:16  Probe  
  20  1:24  Cybernetics Core  
  20  1:32  Nexus  
  20  1:38  Pylon  
  20  1:42  Probe  
  21  1:48  Assimilator  
  21  1:54  Probe  
  21  1:59  Adept (Chrono Boost)  
  24  2:02  Warp Gate  
  24  2:06  Probe  
  24  2:18  Probe  
  24  2:19  Adept (Chrono Boost)  
  27  2:27  Twilight Council  
  27  2:31  Probe  
  32  2:44  Probe (Chrono Boost)  
  32  2:45  Stalker  
  32  2:49  Probe (Chrono Boost)  
  32  2:53  Probe (Chrono Boost)  
  32  2:56  Gateway  
  32  2:57  Probe (Chrono Boost)  
  32  2:58  Blink (Chrono Boost)  
  34  3:00  Probe  
  35  3:09  Probe  
  36  3:14  Probe  
  35  3:24  Probe  
  35  3:26  Probe  
  37  3:34  Robotics Facility  
  37  3:36  Probe  
  37  3:38  Probe  
  37  3:48  Probe  
  37  3:50  Probe, Stalker  
  37  3:51  Pylon  
  37  3:52  Stalker  
  43  4:01  Probe, Pylon  
  43  4:02  Probe  
  45  4:09  Nexus  
  45  4:16  Stalker  
  48  4:18  Stalker  
  48  4:20  Probe  
  48  4:21  Probe  
  51  4:25  Observer  
  51  4:30  Pylon  
  52  4:32  Probe  
  52  4:33  Probe  
  54  4:39  Forge  
  54  4:44  Probe  
  55  4:45  Probe  
  56  4:55  Charge (Chrono Boost)  
  56  4:56  Observer, Probe  
  58  5:00  Gateway  
  58  5:03  Assimilator  
  58  5:07  Probe  
  58  5:08  Probe  
  58  5:10  Shield Battery  
  58  5:12  Protoss Ground Weapons Level 1 (Chrono Boost)  
  60  5:15  Gateway  
  60  5:17  Gateway  
  60  5:20  Gateway  
  60  5:23  Probe  
  63  5:30  Gateway  
  63  5:31  Stalker x2  
  65  5:47  Immortal (Chrono Boost)  
  65  5:48  Shield Battery  
  69  5:54  Zealot x2  
  73  6:01  Zealot  
  75  6:06  Probe  
  75  6:07  Probe x2  
  75  6:10  Stalker  
  73  6:13  Zealot  
  73  6:14  Zealot x2  
  79  6:19  Zealot  
  79  6:24  Zealot  
  81  6:32  Zealot  
  79  6:33  Probe x2  
  79  6:36  Observer  
  67  6:43  Probe  
  67  6:45  Probe  
  67  6:46  Probe  
  70  6:51  Gateway  
  70  6:52  Pylon  
  70  6:54  Pylon  
  70  6:55  Probe, Assimilator  
  70  6:57  Probe, Assimilator  
  70  6:58  Probe, Pylon  
  73  7:04  Zealot, Sentry  
  73  7:05  Zealot  
  73  7:08  Observer, Probe  
  80  7:09  Probe  
  80  7:10  Probe  
  80  7:12  Protoss Ground Armor Level 1 (Chrono Boost)  
  82  7:16  Stalker x2  
  82  7:20  Probe  
  82  7:22  Zealot, Probe x2, Stalker  
  93  7:34  Immortal (Chrono Boost), Probe  
  98  7:39  Zealot x2  
  98  7:40  Zealot  
  98  7:43  Pylon  
  104  7:46  Observer  
  104  7:48  Robotics Bay  
  104  7:49  Probe  
  104  7:50  Probe x2  
  107  7:53  Pylon  
  107  7:59  Photon Cannon  
  107  8:01  Robotics Facility  
  107  8:02  Probe  
  107  8:04  Zealot x2, Pylon  
  112  8:12  Immortal (Chrono Boost)  
  112  8:16  Zealot x2  
  120  8:24  Stalker x2  
  124  8:28  Zealot  
  124  8:29  Zealot  
  124  8:32  Pylon  
  124  8:33  Zealot x2  
  130  8:53  Zealot  
  130  8:54  Zealot x5  
  130  8:55  Zealot  
  98  9:03  Stalker  
  86  9:15  Zealot x4  
  94  9:20  Zealot x2  
Tags
 
Add a new tag
Caveats
  • Supply blocks, unpowered buildings, or Contaminate may cause inaccurate times.
  • Supply counts are checked every 10 seconds.